Map: Ascension to Aiur LE

Players

NightEnD

  • Race: Protoss Protoss
  • Spawn Location: 11:00

TIME (Oliveira) - Winner!

  • Race: Terran Terran
  • Spawn Location: 5:00

Event: WCS Jonkoping 2017

VOD

Have the link to the VOD?

Description

Time

  • Played on: June 17, 2017, 7:01 a.m.
  • Length: 9:57

All games in this series

Show
View Real Time Build Order
Export as new Build Order

NightEnD Protoss 

Build Orders: 1 Gate Expand 

Get SALT Encoding   

  12  0:01  Probe (Chrono Boost)  
  13  0:12  Probe (Chrono Boost)  
  14  0:18  Pylon  
  14  0:23  Probe (Chrono Boost)  
  15  0:36  Probe (Chrono Boost)  
  15  0:38  Gateway  
  16  0:45  Assimilator  
  16  0:47  Probe (Chrono Boost)  
  17  0:58  Probe (Chrono Boost)  
  18  1:08  Probe (Chrono Boost)  
  19  1:19  Probe (Chrono Boost)  
  20  1:25  Nexus  
  20  1:35  Cybernetics Core  
  20  1:39  Probe (Chrono Boost)  
  21  1:45  Assimilator  
  21  1:49  Probe (Chrono Boost)  
  22  1:54  Pylon  
  22  2:00  Probe (Chrono Boost)  
  23  2:13  Mothership Core (Chrono Boost), Adept  
  27  2:23  Warp Gate  
  27  2:31  Probe (Chrono Boost)  
  28  2:38  Probe (Chrono Boost)  
  28  2:39  Robotics Facility  
  28  2:42  Probe (Chrono Boost)  
  28  2:44  Adept  
  32  2:52  Probe (Chrono Boost)  
  32  2:53  Probe (Chrono Boost)  
  34  3:03  Probe (Chrono Boost)  
  34  3:04  Probe (Chrono Boost)  
  36  3:11  Adept  
  38  3:15  Probe x2 (Chrono Boost)  
  40  3:23  Gateway  
  40  3:25  Probe (Chrono Boost)  
  40  3:26  Gateway  
  40  3:27  Observer (Chrono Boost), Probe  
  43  3:34  Pylon  
  43  3:37  Probe  
  44  3:42  Probe  
  44  3:47  Observer (Chrono Boost), Twilight Council  
  46  3:50  Pylon  
  46  3:52  Probe  
  46  3:53  Probe  
  48  4:00  Pylon  
  48  4:03  Probe  
  48  4:04  Probe  
  48  4:06  Observer (Chrono Boost)  
  51  4:14  Probe  
  51  4:17  Probe  
  53  4:21  Resonating Glaives (Chrono Boost)  
  53  4:24  Probe  
  53  4:29  Probe, Nexus  
  55  4:35  Probe  
  56  4:38  Forge  
  56  4:41  Probe  
  57  4:45  Probe  
  57  4:50  Gateway  
  57  4:51  Gateway  
  58  4:55  Probe  
  59  5:01  Gateway  
  59  5:02  Gateway  
  59  5:05  Gateway  
  59  5:09  Adept  
  59  5:10  Adept x2  
  65  5:20  Pylon  
  65  5:26  Protoss Ground Weapons Level 1 (Chrono Boost)  
  65  5:34  Adept x2  
  69  5:36  Pylon  
  69  5:43  Pylon, Adept  
  69  5:48  Probe  
  69  5:49  Probe x2  
  74  5:56  Pylon  
  74  5:58  Probe  
  74  6:01  Probe, Adept x6  
  74  6:02  Adept  
  90  6:07  Blink  
  90  6:09  Adept  
  91  6:26  Assimilator  
  91  6:27  Observer  
  91  6:30  Assimilator  
  92  6:35  Pylon  
  92  6:36  Pylon  
  92  6:37  Adept  
  92  6:38  Adept x5  
  104  6:43  Adept  
  106  6:52  Adept  
  108  6:58  Adept  
  108  6:59  Adept x3  
  112  7:08  Adept x2  
  112  7:09  Adept  
  112  7:13  Observer  
  111  7:23  Adept  
  111  7:24  Adept x4  
  111  7:35  Adept x3  
  111  7:49  Adept  
  113  7:55  Adept x2  
  113  7:56  Adept x2  
  113  7:58  Adept x3  
  117  8:13  Probe, Assimilator  
  117  8:14  Probe x2  
  117  8:15  Assimilator  
  117  8:17  Stalker x4  
  117  8:18  Stalker x2  
  132  8:23  Pylon  
  132  8:26  Pylon  
  132  8:32  Probe  
  133  8:40  Probe  
  132  8:45  Stalker x3  
  136  8:56  Probe  
  136  8:59  Probe x2  
  139  9:08  Probe  
  140  9:11  Probe  
  140  9:14  Pylon  
  140  9:16  Pylon  
  141  9:19  Pylon  
  141  9:21  Adept  
  141  9:22  Adept x3  
  112  9:38  Adept x3  
  112  9:39  Adept  
  94  9:50  Stalker x3  
Show
View Real Time Build Order
Export as new Build Order

TIME Terran - Winner!

Build Orders: Reaper Expand, MMM Bio 

Get SALT Encoding   

  12  0:00  SCV  
  13  0:13  SCV  
  14  0:17  Supply Depot  
  14  0:25  SCV  
  15  0:28  Refinery  
  15  0:39  SCV  
  16  0:44  Barracks  
  16  0:51  SCV  
  17  1:03  SCV  
  18  1:15  SCV  
  19  1:32  Orbital Command, Reaper  
  20  1:45  Command Center  
  20  1:55  Factory  
  20  1:58  SCV  
  21  2:05  Refinery  
  21  2:08  Barracks Reactor  
  21  2:11  SCV  
  22  2:16  Supply Depot  
  22  2:23  SCV  
  23  2:37  SCV  
  23  2:39  Starport  
  23  2:41  Widow Mine  
  26  2:44  Marine x2  
  26  2:49  SCV  
  29  2:57  Orbital Command  
  29  3:02  Marine x2  
  29  3:03  SCV  
  32  3:09  Widow Mine  
  34  3:15  Medivac  
  34  3:16  SCV  
  37  3:20  Marine x2  
  37  3:23  SCV  
  40  3:27  Supply Depot  
  40  3:30  SCV  
  41  3:37  SCV  
  41  3:38  Marine  
  41  3:40  Factory Tech Lab  
  43  3:43  Marine  
  43  3:50  Barracks  
  43  3:51  SCV x2  
  45  3:58  Siege Tank, Supply Depot  
  45  4:00  Starport Tech Lab  
  48  4:03  SCV x2, Marine  
  48  4:06  Marine  
  52  4:13  Engineering Bay  
  52  4:15  SCV x2  
  54  4:21  Marine  
  51  4:26  Supply Depot  
  51  4:27  SCV  
  51  4:28  SCV, Marine  
  54  4:31  Siege Tank  
  57  4:39  Barracks  
  57  4:40  SCV x2, Terran Infantry Weapons Level 1  
  57  4:44  Stimpack, Marine  
  60  4:50  Supply Depot  
  60  4:52  SCV, Marine  
  62  4:53  SCV  
  62  4:54  Marine  
  62  4:59  Refinery  
  64  5:00  Refinery  
  64  5:01  Starport Reactor  
  64  5:04  SCV, Marine  
  64  5:05  SCV  
  67  5:10  Factory Reactor  
  67  5:13  Marine  
  70  5:14  Marauder  
  70  5:17  SCV  
  70  5:18  SCV  
  70  5:20  Supply Depot  
  72  5:29  Missile Turret  
  72  5:31  Marine  
  72  5:32  Combat Shields, Missile Turret  
  72  5:33  Marauder  
  72  5:34  Marine  
  78  5:35  Marauder  
  78  5:41  SCV x2  
  80  5:43  Supply Depot  
  80  5:44  Supply Depot  
  80  5:46  Medivac  
  80  5:47  Medivac  
  84  5:50  Widow Mine  
  86  6:04  Marine x3, Widow Mine  
  86  6:05  Marauder, Supply Depot  
  93  6:22  Marine x2  
  93  6:23  Marauder  
  97  6:25  Medivac x2  
  97  6:26  Widow Mine  
  97  6:27  Marauder  
  105  6:37  Terran Infantry Armor Level 1  
  105  6:40  Marine x2  
  105  6:44  Marauder  
  105  6:45  Command Center  
  109  6:50  Supply Depot  
  109  6:53  Supply Depot  
  109  6:58  Marine  
  110  7:05  Liberator x2  
  110  7:07  Marine  
  109  7:08  Marauder  
  109  7:09  Marauder  
  109  7:10  Widow Mine x2  
  104  7:16  Marine  
  101  7:23  SCV  
  101  7:24  Marine  
  102  7:30  Marauder, SCV  
  102  7:31  Marauder  
  102  7:32  Barracks x2  
  102  7:33  Marine  
  106  7:42  Marine  
  106  7:49  Widow Mine x2  
  106  7:50  Liberator x2, Marine  
  108  7:51  Marine  
  108  7:52  Marauder  
  106  8:00  Marine  
  106  8:04  SCV  
  102  8:07  Command Center  
  102  8:09  Marauder, Marine  
  102  8:10  Armory  
  102  8:11  Engineering Bay  
  110  8:15  Marauder  
  110  8:18  Marine  
  113  8:23  Barracks Tech Lab  
  113  8:24  Barracks Reactor  
  113  8:26  Widow Mine x2  
  115  8:30  Marauder, Marine  
  120  8:36  Marine  
  120  8:37  Marauder  
  120  8:38  Liberator x2  
  123  8:45  Marauder  
  123  8:48  Marine  
  126  8:52  Marauder  
  122  8:57  Widow Mine  
  122  8:58  Hellion  
  126  9:15  Marine x5  
  126  9:16  Marauder, Supply Depot  
  133  9:19  Marauder  
  133  9:21  Widow Mine  
  133  9:33  Marine x2  
  133  9:36  Marine  
Tags
 
Add a new tag
Caveats
  • Supply blocks, unpowered buildings, or Contaminate may cause inaccurate times.
  • Supply counts are checked every 10 seconds.